 Dungeon Crawl Stone Soup version bcrawl-1.35.5c (webtiles) character file.

Game seed: 2378282480536011886

354251 KristoblXynda the Fighter (level 11, -7/111 HPs)
             Began as a Purple Draconian Monk on Mar 26, 2022.
             Was an Elder of Dithmenos.
             Mangled by an orc warrior
             ... wielding a +1 halberd of holy wrath
              (29 damage)
             ... on level 9 of the Dungeon.
             The game lasted 00:14:01 (8941 turns).

KristoblXynda the Fighter (Purple Draconian Monk)   Turns: 8941, Time: 00:14:01

Health: -7/111     AC:  9    Str: 18    XL:     11   Next: 0%
Magic:  12/12      EV: 17    Int: 12    God:    Dithmenos [****..]
Gold:   1288       SH:  0    Dex: 13    Spells: 9/10 levels left

rFire    . . .     SeeInvis .     - Fists (19.0)
rCold    + + .     Gourm    .   (no shield)
rNeg     . . .     Faith    .   (armour unavailable)
rPois    .         Spirit   .   a - +1 hat
rElec    .         Reflect  .   (no cloak)
rCorr    .                      m - +0 pair of gloves
MR       +....                  (no boots)
Stlth    +++.......             r - amulet of regeneration
HPRegen  0.64/turn              k - ring of protection from cold
MPRegen  0.13/turn              (no ring)

@: wreathed by umbra
A: breathe power, unfitting armour, cold resistance 1, robust 1, strong 1,
cold-blooded, MP-powered wands, AC +7
a: Breathe Dispelling Energy, Shadow Step, Renounce Religion


You were on level 9 of the Dungeon.
You worshipped Dithmenos.
Dithmenos was greatly pleased with you.
You were hungry.

You visited 2 branches of the dungeon, and saw 10 of its levels.
You also visited: Ossuary.

You collected 1288 gold pieces.

Inventory:

Armour
 a - a +1 hat (worn)
 m - a +0 pair of gloves (worn)
 x - a +0 buckler
Jewellery
 b - an uncursed amulet of guardian spirit
 k - a ring of protection from cold (left hand)
 r - an amulet of regeneration (around neck)
 v - a +6 ring of intelligence
Wands
 y - a wand of acid (8)
 A - a wand of iceblast (4)
Scrolls
 c - 4 scrolls of remove curse
 f - a scroll of amnesia
 g - 6 scrolls of teleportation
 h - 2 scrolls of silence
 i - 3 scrolls of identify
 l - 3 scrolls of enchant weapon
 o - 2 scrolls of blinking
 s - 2 scrolls of fear
 w - a scroll of fog
Potions
 d - 3 potions of ambrosia
 n - 2 potions of brilliance
 p - 2 potions of cancellation
 q - a potion of lignification
 t - a potion of curing
 u - a potion of mutation
 z - a potion of heal wounds
Comestibles
 e - 12 rations {!d}


   Skills:
 + Level 10.9 Fighting
 + Level 9.3 Dodging
 - Level 2.0 Stealth
 + Level 2.8 Shields
 + Level 10.1 Unarmed Combat
 - Level 2.1 Invocations


You had 9 spell levels left.
You knew the following spells:

 Your Spells              Type           Power        Failure   Level  Hunger
a - Magic Dart            Conj           #...         32%         1    None

Your spell library contained the following spells:

 Spells                   Type           Power        Failure   Level  Hunger
 Throw Frost              Conj/Ice       #.....       21%         2    ####...
 Freeze                   Ice            #.....       32%         1    None
 Ensorcelled Hibernation  Hex/Ice        #.....       45%         2    ####...
 Searing Ray              Conj           #.......     45%         2    ####...
 Iskenderun's Mystic Bla  Conj           #.......     69%         3    #####..
 Ozocubu's Armour         Chrm/Ice       #.......     69%         3    #####..
 Fulminant Prism          Conj/Hex       #.........   97%         4    ######.
 Ice Form                 Ice/Tmut       #.......     97%         4    ######.
 Summon Ice Beast         Ice/Summ       #.......     97%         4    ######.
 Throw Icicle             Conj/Ice       #.......     97%         4    ######.
 Irradiate                Conj/Tmut      #.........   100%        5    #######
 Borgnjor's Vile Clutch   Necr/Erth      #.........   100%        6    #######
 Darkness                 Hex            #.........   100%        6    #######
 Infestation              Hex/Tmut/Pois  #........    100%        6    #######
 Shadow Creatures         Summ           N/A          100%        7    #######
 Time Stop                Chrm/Tloc      N/A          100%        8    #######


Dungeon Overview and Level Annotations

Branches:
Dungeon (9/12)             Temple (1/1) D:6            Lair (0/6) D:8
    Orc: D:8-11

Altars:
Ashenzari
Cheibriados
Dithmenos
Elyvilon
Fedhas
Gozag
Hepliaklqana
Kikubaaqudgha
Lugonu
Makhleb
Nemelex Xobeh
Okawaru
Qazlal
Ru
Sif Muna
Trog
Uskayaw
Vehumet
Wu Jian
Xom
Yredelemnul
Zin
The Shining One

Shops:
D:8 ?


Innate Abilities, Weirdness & Mutations

You can breathe bolts of dispelling energy.
Your rich purple scales are hard. (AC +7)
You cannot fit into any form of body armour.
You are cold-blooded and may be slowed by cold attacks.
Your flesh is cold resistant. (rC+)
You are robust. (+10% HP)
Your muscles are strong. (Str +2)
You expend magic power (3 MP) to strengthen your wands.


Message History

The orc warrior is heavily wounded.
The orc misses you. The orc warrior closely misses you. x2
You barely miss the orc warrior.
Your tail-slap misses the orc warrior.
The orc warrior is heavily wounded.
The orc barely misses you.
You closely miss the orc warrior.
Your tail-slap misses the orc warrior.
The orc warrior is heavily wounded.
The orc warrior hits you from afar with a +1 halberd of holy wrath.
The orc warrior misses you.
You punch the orc warrior!
The orc warrior is almost dead.
The orc warrior barely misses you.
The orc warrior hits you with a +0 trident!!
* * * LOW HITPOINT WARNING * * *
You barely miss the orc warrior.
Your tail-slap misses the orc warrior.
The orc warrior is almost dead.
You hit the orc warrior but do no damage.
The orc warrior is almost dead.
The orc warrior hits you from afar with a +1 halberd of holy wrath!!
You die...

#########'## #..#
........>..######'#########
...........'.##...........#
...........#..'...........#
.......>...####...........#
...........# #..######...#
..>........# #..#ooo.#...#
...........# #..#ooo.#...#
..รท........# #.@#)oo.#...#
#'########## #.oooooo#...#
#..### ####ooo.#'### ##...#
#####.# ####)####### #..##
#..........# #####.###
#..........# #.......#
#..........######.......#
#..........##...........#


You could see 3 orc warriors and 6 orcs.

Vanquished Creatures
  Psyche (D:8)
  A cyclops (D:9)
  An orc knight (D:9)
  A tengu conjurer (D:9)
  A troll (D:9)
  A hornet (D:9)
  2 yaks
  2 hungry ghosts
  A steam dragon (D:9)
  A crocodile (D:9)
  Duvessa (D:6)
  2 porcupines
  2 sky beasts (D:6)
  2 orc warriors
  A black bear (D:9)
  A necrophage (D:8)
  9 ogres
  A phantom (D:4)
  6 centaurs
  2 big kobolds
  An elf zombie (Ossuary)
  6 bullfrogs
  Dowan (D:6)
  7 scorpions
  A water moccasin skeleton (D:7)
  2 howler monkeys
  An orc priest (D:6)
  5 crimson imps
  7 hounds
  2 bullfrog skeletons (D:5)
  A centaur zombie (Ossuary)
  2 jellies
  A bullfrog zombie (D:6)
  A centaur skeleton (D:9)
  4 orc wizards
  2 iguanas
  6 worker ants
  A killer bee zombie (D:8)
  2 big kobold zombies (Ossuary)
  2 hound zombies (D:5)
  A hound skeleton (D:7)
  2 mummies (Ossuary)
  6 gnolls
  2 howler monkey skeletons
  10 adders
  2 shadow imps
  2 oozes
  2 adder zombies
  3 adder skeletons
  5 worms
  2 dart slugs
  6 leopard geckos
  17 orcs
  4 giant cockroaches
  7 goblins
  10 hobgoblins
  10 jackals
  3 quokkas
  A ball python (D:3)
  6 bats
  3 frilled lizards
  A goblin zombie (Ossuary)
  8 hobgoblin zombies (Ossuary)
  3 jackal zombies (Ossuary)
  16 kobolds
  6 kobold zombies (Ossuary)
  12 orc zombies (Ossuary)
  9 rats
  A rat zombie (Ossuary)
254 creatures vanquished.

Notes
Turn   | Place    | Note
-------+----------+-------------------------------------------
     0 | D:1      | KristoblXynda the Draconian Monk began the quest for the
                  | Orb.
     0 | D:1      | Reached XP level 1. HP: 19/19 MP: 2/2
   145 | D:1      | Reached XP level 2. HP: 26/26 MP: 3/3
   522 | D:1      | Reached XP level 3. HP: 33/33 MP: 4/4
  1581 | D:2      | Reached XP level 4. HP: 40/40 MP: 5/5
  2271 | D:3      | Noticed an ogre
  2286 | D:3      | Killed an ogre
  2287 | D:3      | Reached XP level 5. HP: 29/47 MP: 3/6
  2656 | D:3      | Found a shadowy altar of Dithmenos.
  2675 | D:3      | Reached skill level 5 in Fighting
  2675 | D:3      | Reached XP level 6. HP: 45/56 MP: 4/7
  2731 | D:3      | Found a faded altar of an unknown god.
  3404 | D:4      | Reached skill level 5 in Unarmed Combat
  3476 | D:4      | Your scales start taking on a rich purple colour.
  3476 | D:4      | Reached XP level 7. HP: 60/62 MP: 8/8
  3662 | D:4      | Reached skill level 5 in Dodging
  3853 | D:4      | Gained mutation: Your natural rate of healing is unusually
                  | fast. [potion of mutation]
  3853 | D:4      | Gained mutation: You have large cloven feet. [potion of
                  | mutation]
  3853 | D:4      | Gained mutation: You expend magic power (3 MP) to
                  | strengthen your wands. [potion of mutation]
  3854 | D:4      | Lost mutation: Your natural rate of healing is unusually
                  | fast. [potion of mutation]
  3854 | D:4      | Lost mutation: You have large cloven feet. [potion of
                  | mutation]
  3854 | D:4      | Gained mutation: Your flesh is cold resistant. (rC+)
                  | [potion of mutation]
  3854 | D:4      | Gained mutation: You are robust. (+10% HP) [potion of
                  | mutation]
  3854 | D:4      | Gained mutation: Your muscles are strong. (Str +2) [potion
                  | of mutation]
  3856 | D:5      | Entered Level 5 of the Dungeon
  4078 | D:5      | Found a white marble altar of Elyvilon.
  4425 | D:5      | Reached XP level 8. HP: 72/78 MP: 9/9
  4715 | D:6      | Found a staircase to the Ecumenical Temple.
  4766 | Temple   | Entered the Ecumenical Temple
  4978 | Temple   | Became a worshipper of Dithmenos the Shadowed
  4978 | Temple   | Reached * piety under Dithmenos
  4978 | Temple   | Reached ** piety under Dithmenos
  5039 | D:6      | Noticed Duvessa
  5062 | D:6      | Killed Duvessa
  5063 | D:6      | Noticed Dowan
  5090 | D:6      | Killed Dowan
  5205 | D:6      | Reached XP level 9. HP: 61/89 MP: 10/10
  5287 | D:6      | Found a hazy altar of Hepliaklqana.
  5410 | D:6      | Found a stormy altar of Qazlal.
  5412 | D:6      | Found a white marble altar of Elyvilon.
  5414 | D:6      | Found an ancient bone altar of Kikubaaqudgha.
  5414 | D:6      | Found a basalt altar of Yredelemnul.
  5414 | D:6      | Found a bloodstained altar of Trog.
  5415 | D:6      | Found a glowing golden altar of the Shining One.
  5925 | D:7      | Found a sand-covered staircase.
  5932 | Ossuary  | Entered an ossuary
  5935 | Ossuary  | Learned a level 1 spell: Magic Dart
  5993 | Ossuary  | Reached *** piety under Dithmenos
  7125 | D:8      | Reached XP level 10. HP: 101/101 MP: 11/11
  7133 | D:8      | Noticed Psyche
  7143 | D:8      | Reached **** piety under Dithmenos
  7180 | D:8      | Killed Psyche
  7181 | D:8      | Reached skill level 10 in Fighting
  7393 | D:8      | Found Owav Neo's Magic Scroll Emporium.
  7495 | D:8      | Found a snail-covered altar of Cheibriados.
  7688 | D:8      | Found a staircase to the Lair.
  8303 | D:9      | Reached skill level 1 in Shields
  8367 | D:9      | Noticed an orc knight
  8404 | D:9      | Killed an orc knight
  8480 | D:9      | Reached skill level 10 in Unarmed Combat
  8672 | D:9      | Noticed a cyclops
  8683 | D:9      | Killed a cyclops
  8817 | D:9      | Reached XP level 11. HP: 111/111 MP: 12/12
  8941 | D:9      | Mangled by an orc warrior

Skill      XL: |  1  2  3  4  5  6  7  8  9 10 |
---------------+-------------------------------+-----
Dodging        | 3 4 5 6 8 9 |  9.3
Fighting       | 4 5 6 8 9 10 | 10.9
Unarmed Combat | 4 5 6 7 8 10 | 10.1
Shields        | 2 |  2.8
Stealth        | |  2.0
Invocations    | |  2.1

Action                   |  1- 3 |  4- 6 |  7- 9 | 10-12 || total
-------------------------+-------+-------+-------+-------++-------
Melee: Unarmed           |   141 |   230 |   580 |   245 ||  1196
       Tailslap          |    19 |    24 |    80 |    40 ||   163
       Punch             |     4 |     5 |    21 |    10 ||    40
 Abil: Breathe Dispellin |       |       |     2 |       ||     2
  Use: Scroll            |       |     5 |    16 |     1 ||    22
       Potion            |       |     1 |     6 |     2 ||     9
 Stab: Sleeping          |     6 |     4 |     6 |     2 ||    18
  Eat: Chunk             |     5 |    11 |    16 |     9 ||    41
       Ration            |       |       |     3 |       ||     3
Armor: Skin              |    25 |    54 |   111 |    62 ||   252
Dodge: Dodged            |    79 |   125 |   512 |   197 ||   913
